 Dungeon Crawl Stone Soup version 0.21.1-1-g345015fe64 (webtiles) character file.

43 Kejsarherre the Ruffian (level 3, 0/25 HPs)
             Began as a Gnoll Wanderer on May 3, 2018.
             Slain by an adder (1 damage)
             ... on level 2 of the Dungeon.
             The game lasted 00:03:38 (1120 turns).

Kejsarherre the Ruffian (Gnoll Wanderer)            Turns: 1120, Time: 00:03:39

Health: 0/25       AC:  3    Str: 14 (17) XL:     3   Next: 58%
Magic:  9/9        EV: 18    Int: 21 (24) God:
Gold:   71         SH:  0    Dex: 15 (18) Spells: 11/12 levels left

rFire    . . .     SeeInvis .   e - +0 club
rCold    . . .     Gourm    .   (no shield)
rNeg     . . .     Faith    .   h - +0 leather armour
rPois    .         Spirit   .   (no helmet)
rElec    .         Reflect  .   (no cloak)
rCorr    .         Harm     .   (no gloves)
MR       .....                  (no boots)
Stlth    ++........             (no amulet)
HPRegen  0.08/turn              g - +2 ring of evasion
MPRegen  0.11/turn              p - +6 ring of intelligence

@: brilliant, agile
A: distributed training, fangs 1, strong nose
a: no special abilities


You were on level 2 of the Dungeon.
You were not hungry.

You visited 1 branch of the dungeon, and saw 3 of its levels.

You collected 71 gold pieces.

Inventory:

Hand Weapons
 e - a +0 club (weapon)
Missiles
 k - 17 arrows
Armour
 d - a +0 robe
 h - a +0 leather armour (worn)
 i - a +0 ring mail
Jewellery
 g - a +2 ring of evasion (left hand)
 p - a +6 ring of intelligence (right hand)
Scrolls
 c - a scroll of teleportation
 j - a scroll of identify
 l - 2 scrolls of remove curse
 q - a scroll of fear {unknown}
Potions
 a - 3 potions of berserk rage
Books
 b - the Papyrus of Execration

   Spells                             Type                      Level
   a - Confusing Touch                Hexes                        1
   b - Tukima's Dance                 Hexes                        3
Comestibles
 f - 4 rations


   Skills:
 + Level 0.8 Fighting
 + Level 0.8 Short Blades
 + Level 0.8 Long Blades
 + Level 0.8 Axes
 + Level 0.8 Maces & Flails
 + Level 0.8 Polearms
 + Level 0.8 Staves
 + Level 0.8 Slings
 + Level 0.8 Bows
 + Level 0.8 Crossbows
 + Level 2.6 Throwing
 + Level 0.8 Armour
 + Level 0.8 Dodging
 + Level 0.8 Stealth
 + Level 2.6 Shields
 + Level 6.5 Unarmed Combat
 + Level 5.0 Spellcasting
 + Level 0.5 Conjurations
 + Level 0.5 Hexes
 + Level 0.5 Charms
 + Level 5.4 Summonings
 + Level 0.5 Necromancy
 + Level 0.5 Translocations
 + Level 0.5 Transmutations
 + Level 0.5 Fire Magic
 + Level 0.5 Ice Magic
 + Level 0.5 Air Magic
 + Level 0.5 Earth Magic
 + Level 0.5 Poison Magic
 + Level 1.0 Invocations
 + Level 0.8 Evocations


You had 11 spell levels left.
You knew the following spells:

 Your Spells              Type           Power        Failure   Level  Hunger
a - Confusing Touch       Hex            ###...       1%          1    None


Dungeon Overview and Level Annotations

Branches:
Dungeon (3/15)

Altars:

Annotations:
D:2 Sigmund


Innate Abilities, Weirdness & Mutations

Your experience applies equally to all skills.
You have very sharp teeth.
Your uncanny sense of smell can sniff out nearby items.


Message History

* * * LOW HITPOINT WARNING * * *
You hit the worm.
The worm is severely wounded.
The worm bites you.
* * * LOW HITPOINT WARNING * * *
An adder comes into view.
The adder hisses angrily.
You miss the adder. The adder bites you but does no damage.
You closely miss the adder. The adder barely misses you. The adder bites you.
* * * LOW HITPOINT WARNING * * *
It was a potion of brilliance.
You feel clever all of a sudden. The adder bites you.
* * * LOW HITPOINT WARNING * * *
It was a potion of agility.
You feel agile all of a sudden. The adder bites you.
* * * LOW HITPOINT WARNING * * *
The adder bites you.
You die...

# ######.#
#######....#.####.
#.....@S..........
##.#####...>.......
#...# ###########.
#...# #...## ##...#
#...## ##...#
#..w##


You could see an adder.

Vanquished Creatures
  2 dart slugs
  A leopard gecko (D:1)
  3 giant cockroaches
  11 goblins
  6 hobgoblins
  A kobold (D:1)
  5 bats
  2 rats (D:1)
31 creatures vanquished.

Notes
Turn   | Place    | Note
-------+----------+-------------------------------------------
     0 | D:1      | Kejsarherre the Gnoll Wanderer began the quest for the Orb.
     0 | D:1      | Kejsarherre set off with: 2 potions of berserk rage, the Papyrus of Execration, a scroll of teleportation, a +0 robe, a +0 club, a ration
     0 | D:1      | Reached XP level 1. HP: 13/13 MP: 6/6
     2 | D:1      | Learned a level 1 spell: Confusing Touch
   106 | D:1      | Reached XP level 2. HP: 11/19 MP: 7/7
   704 | D:2      | Reached XP level 3. HP: 23/25 MP: 9/9
   737 | D:2      | Noticed Sigmund
   777 | D:2      | Reached skill level 5 in Spellcasting
   812 | D:2      | Reached skill level 1 in Invocations
  1120 | D:2      | HP: 1/25 [adder (3)]
  1120 | D:2      | Slain by an adder

Skill      XL: |  1  2  3 |
---------------+----------+-----
Spellcasting   | 5 |  5.0
Invocations    | 1 |  1.0
Fighting       | |  0.8
Short Blades   | |  0.8
Long Blades    | |  0.8
Axes           | |  0.8
Maces & Flails | |  0.8
Polearms       | |  0.8
Staves         | |  0.8
Slings         | |  0.8
Bows           | |  0.8
Crossbows      | |  0.8
Throwing       | |  2.6
Armour         | |  0.8
Dodging        | |  0.8
Stealth        | |  0.8
Shields        | |  2.6
Unarmed Combat | |  6.5
Conjurations   | |  0.5
Hexes          | |  0.5
Charms         | |  0.5
Summonings     | |  5.4
Necromancy     | |  0.5
Translocations | |  0.5
Transmutations | |  0.5
Fire Magic     | |  0.5
Ice Magic      | |  0.5
Air Magic      | |  0.5
Earth Magic    | |  0.5
Poison Magic   | |  0.5
Evocations     | |  0.8

Action                   || total
-------------------------++-------
Melee: Club              ||   150
       Bite              ||    18
       Punch             ||     4
  Use: Potion            ||     5
       Scroll            ||     2
 Stab: Sleeping          ||     1
  Eat: Chunk             ||     1
Armor: Leather armour    ||    32
       Robe              ||     6
Dodge: Dodged            ||   145
